AoeStats
← bvdb

Yucatan

510317888Analyzed
4v4 RM · 3d ago on Sep 30, 2026· 24m 7s· 8 players
Game mode
Random Map
Map size
Large (8 player)
Population
200
Speed
Normal
Resources
Standard
Victory
Conquest
Starting age
Dark Age
Ending age
Imperial Age
RankedLock teamsTeams togetherTeam positionsShared explorationLock speedFull tech treeHidden civsTurbo modeCheats
Victory
Defeat
🇭🇰 Vietnamese · Hong Kong SAR China
1350
+10
🇭🇰 Britons · Hong Kong SAR China
1283
+13
🇭🇰 Mongols · Hong Kong SAR China
1062
+22
🇭🇰 Berbers · Hong Kong SAR China
1045
+22
🇦🇷 Armenians · Argentina
1262
-19
🇹🇼 Khmer · Taiwan
1201
-17
🇳🇱 Mongols · Netherlands
1190
-16
1169
-15
bvdb
8:15 Loom
10:25 Feudal Age
12:01 Double-Bit Axe
14:33 Castle Age
13:20 Gold Mining
14:20 Scale Barding Armor
14:30 Forging
14:53 Bloodlines
a506b8123il
4:13 Loom
7:38 Loom
11:06 Feudal Age
11:55 Man-at-Arms
17:34 Fletching
17:59 Arson
22:29 Castle Age
20:51 Double-Bit Axe
22:39 Gold Mining
22:34 Crossbowman
23:23 Bodkin Arrow
Nightmare
6:51 Loom
8:59 Feudal Age
9:31 Double-Bit Axe
9:47 Man-at-Arms
10:45 Long Swordsman
17:22 Wheelbarrow
21:50 Castle Age
20:10 Fletching
22:58 Town Watch
23:14 Bodkin Arrow
我知道你很急 但我不急
5:18 Loom
13:04 Feudal Age
17:15 Castle Age
16:09 Double-Bit Axe
19:39 Bow Saw
UnHappy
6:37 Loom
10:09 Feudal Age
12:41 Double-Bit Axe
14:58 Fletching
16:24 Padded Archer Armor
22:58 Castle Age
23:08 Horse Collar
23:19 Gold Mining
23:58 Heavy Plow
23:37 Crossbowman
24:13 Bodkin Arrow
kalun348
6:44 Loom
12:13 Feudal Age
18:33 Castle Age
18:25 Scale Barding Armor
18:08 Double-Bit Axe
19:35 Forging
23:14 Husbandry
FuNG
7:47 Loom
10:45 Feudal Age
14:33 Double-Bit Axe
14:48 Fletching
Wyman.A
9:40 Feudal Age
10:38 Loom
18:49 Castle Age
19:07 Scale Barding Armor
18:50 Double-Bit Axe
19:38 Bloodlines
Connection lost

Rejoining the realm…

Still unreachable

The connection could not be restored.

Session expired

The server has moved on; the page needs a fresh start.